 Dungeon Crawl Stone Soup version 0.20.0-15-g7f486f2 (webtiles) character file.

191 Gorglomux the Skirmisher (level 5, -22/35 HPs)
             Began as a Gargoyle Fighter on June 10, 2017.
             Annihilated by an ogre
             ... wielding a +0 giant club
              (23 damage)
             ... on level 4 of the Dungeon.
             The game lasted 00:04:24 (2371 turns).

Gorglomux the Skirmisher (Gargoyle Fighter)         Turns: 2371, Time: 00:04:26

Health: -22/35     AC: 12    Str: 20    XL:     5   Next: 70%
Magic:  5/5        EV:  7    Int:  8    God:
Gold:   214        SH:  9    Dex: 14    Spells: 4/4 levels left

rFire    + . .     SeeInvis .   a - +0 flail
rCold    + + .     Gourm    .   o - +0 shield
rNeg     + . .     Faith    .   b - +0 scale mail
rPois    ∞         Spirit   .   (no helmet)
rElec    +         Reflect  .   (no cloak)
rCorr    +         Harm     .   u - +0 pair of gloves
MR       .....     Clarity  +   (no boots)
Stlth    +.........             (no amulet)
Regen    0.2/turn               c - ring of protection from cold
MPRegen  0.1/turn               p - +2 ring of dexterity

@: resistant
A: thin skeletal structure 1, blurry vision 1, clarity, negative energy
resistance 1, electricity resistance, unbreathing, petrification resistance, rot
immunity, AC +4
a: no special abilities


You were on level 4 of the Dungeon.
You were not hungry.

You visited 1 branch of the dungeon, and saw 4 of its levels.

You collected 214 gold pieces.

Inventory:

Hand Weapons
 a - a +0 flail (weapon)
Armour
 b - a +0 scale mail (worn)
 o - a +0 shield (worn)
 u - a +0 pair of gloves (worn)
Jewellery
 c - a ring of protection from cold (left hand)
 p - a +2 ring of dexterity (right hand)
 w - an uncursed amulet of harm {unknown}
 y - an uncursed amulet of magic regeneration {unknown}
Scrolls
 h - 2 scrolls of magic mapping {unknown}
 i - 3 scrolls of remove curse
 k - a scroll of recharging {unknown}
 l - 3 scrolls of identify {unknown}
 q - a scroll of immolation {unknown}
 s - 2 scrolls of amnesia {unknown}
 B - a scroll of noise {unknown}
 C - a scroll of teleportation {unknown}
Potions
 d - 2 potions of might
 r - a potion of agility {unknown}
 t - a potion of brilliance {unknown}
 A - a potion of curing {unknown}
Comestibles
 f - 2 bread rations
 v - 9 fruits
 x - 8 chunks of flesh
 z - a meat ration


   Skills:
 + Level 5.3 Fighting
 + Level 4.2 Maces & Flails
 - Level 3.2 Armour
 - Level 3.2 Shields


You had 4 spell levels left.
You didn't know any spells.

Dungeon Overview and Level Annotations

Branches:
Dungeon (4/15)
 Temple: D:4-7

Altars:

Annotations:
D:2 Natasha, Sigmund


Innate Abilities, Weirdness & Mutations

You are resistant to torment.
Your stone body is resilient. (AC +4)
You are immune to poison.
You resist negative energy. (rN+)
You are resistant to electric shocks. (rElec)
You can survive without breathing.
You are immune to petrification.
You are immune to rotting.
You have a somewhat thin skeletal structure. (Dex +2, Stealth)
Scrolls take you a little longer to read.
You possess an exceptional clarity of mind.


Message History

Your shield and scale mail prevent you from hitting the worker ant.
You block the worker ant's attack.
You hit the worker ant but do no damage.
The worker ant bites you. You block the ogre's attack.
The worker ant bites you but does no damage.
You closely miss the worker ant. The ogre hits you with a giant club.
The worker ant bites you.
It was a potion of resistance.
You feel protected.
The worker ant bites you but does no damage.
The ogre hits you with a giant club!
* * * LOW HITPOINT WARNING * * *
It was a potion of mutation.
You feel extremely strange.
Your vision blurs.
Your thoughts seem clearer.
Your bones become slightly less dense.
The worker ant bites you.
* * * LOW HITPOINT WARNING * * *
The ogre hits you with a giant club!!
Ouch! That really hurt!
You die...

...# #.# ##.# #.# #.#
##.######
#.###........
#.##.....###########
##.#................#
##.#......#########.#
##.#.#.........####.#
...............a@O..#
.....##..#####.####.#
##..............# #.#
##.####..###....# #.#
..#. ...# #....# #.#
## ####..# #.#>## #.#
# #.#.# #.# # .#...
.(# #.#


You could see an ogre and a worker ant.

Vanquished Creatures
  Natasha (twice) (D:2)
  2 adders
  4 oozes
  3 worms
  4 dart slugs
  2 leopard geckos
  An orc (D:3)
  3 ball pythons
  6 giant cockroaches
  9 goblins
  10 hobgoblins
  9 jackals
  8 kobolds
  4 quokkas
  6 bats
  4 frilled lizards
  9 rats
86 creatures vanquished.

Notes
Turn   | Place    | Note
-------+----------+-------------------------------------------
     0 | D:1      | Gorglomux the Gargoyle Fighter began the quest for the Orb.
     0 | D:1      | Reached XP level 1. HP: 14/14 MP: 1/1
   135 | D:1      | Reached XP level 2. HP: 17/19 MP: 2/2
   611 | D:1      | Reached XP level 3. HP: 24/24 MP: 3/3
   694 | D:1      | Reached skill level 4 in Fighting
   947 | D:2      | Reached skill level 3 in Maces & Flails
  1103 | D:2      | Reached XP level 4. HP: 30/30 MP: 4/4
  1135 | D:2      | Noticed Natasha
  1140 | D:2      | Killed Natasha
  1165 | D:2      | Noticed Natasha
  1171 | D:2      | Killed Natasha
  1266 | D:2      | Reached XP level 5. HP: 34/34 MP: 5/5
  1342 | D:2      | Noticed Natasha
  1343 | D:2      | Noticed Sigmund
  1793 | D:3      | Reached skill level 5 in Fighting
  2357 | D:4      | Noticed an ogre
  2371 | D:4      | Gained mutation: Scrolls take you a little longer to read. [potion of mutation]
  2371 | D:4      | Gained mutation: You possess an exceptional clarity of mind. [potion of mutation]
  2371 | D:4      | Gained mutation: You have a somewhat thin skeletal structure. (Dex +2, Stealth) [potion of mutation]
  2371 | D:4      | HP: 1/35 [worker ant (3)]
  2371 | D:4      | Annihilated by an ogre

Skill      XL: |  1  2  3  4  5 |
---------------+----------------+-----
Fighting       | 4 5 |  5.3
Maces & Flails | 3 4 |  4.2
Armour         | |  3.2
Shields        | |  3.2

Action                   |  1- 3 |  4- 6 || total
-------------------------+-------+-------++-------
Melee: Flail             |   154 |   155 ||   309
  Use: Potion            |       |     2 ||     2
       Scroll            |       |     1 ||     1
  Eat: Chunk             |     1 |     4 ||     5
Armor: Scale mail        |   127 |    91 ||   218
Dodge: Dodged            |    60 |    62 ||   122
Block: Shield            |   110 |    87 ||   197
